 Dungeon Sprint DCSS version 0.30-a0-55-g90e3122c3a (webtiles) character file.

Game seed: 15310505236741753433

268 Conn the Arsonist (level 6, -4/36 HPs)
             Began as an Octopode Fire Elementalist on Sept 9, 2022.
             Slain by a neqoxec (12 damage)
             ... in the Dungeon (Sprint II: "The Violet Keep of Menkaure").
             The game lasted 00:00:38 (20 turns).

Conn the Arsonist (Octopode Fire Elementalist)        Turns: 20, Time: 00:00:39

Health: -4/36      AC:  1    Str:  8    XL:     6   Next: 21%
Magic:  5/15       EV: 14    Int: 19    God:
Gold:   0          SH:  0    Dex: 12    Spells: 16/17 levels left

rFire   . . .      SeeInvis .      - Unarmed
rCold   . . .      Faith    .    (no shield)
rNeg    . . .      Spirit   .    (helmet restricted)
rPois   .          Reflect  .    (no amulet)
rElec   .          Harm     .    (no ring)
rCorr   .          Rampage  .    (no ring)
Will    .....      Clarity  +    (no ring)
Stlth   ++++...... NoTele   +    (no ring)
HPRegen 0.12/turn                (no ring)
MPRegen 0.14/turn                (no ring)
                                 (no ring)
                                 (no ring)

@: on berserk cooldown, hasted and slowed
A: almost no armour, amphibious, 8 rings, camouflage 1, gelatinous body 1,
(nimble swimmer 1), tentacles, clarity
a: no special abilities


You were in the Dungeon.
You visited 1 branch

Inventory:

Scrolls
 f - a scroll of blinking
Potions
 a - 3 potions of magic
 b - a potion of curing
 c - a potion of heal wounds


   Skills:
 + Level 4.1 Dodging
 + Level 5.3 Stealth
 + Level 2.0 Unarmed Combat
 * Level 6.2 Spellcasting
 * Level 5.0 Conjurations
 + Level 8.2 Fire Magic


You had 16 spell levels left.
You knew the following spells:

 Your Spells              Type           Power      Damage    Failure   Level
a - Foxfire               Conj/Fire      100%       2x1d9     1%          1

Your spell library contained the following spells:

 Spells                   Type           Power      Damage    Failure   Level
 Scorch                   Fire           74%        2d9       1%          2
 Conjure Flame            Conj/Fire      31%        6-21      2%          3
 Inner Flame              Hex/Fire       21%        N/A       6%          3
 Flame Wave               Conj/Fire      31%        2d9       7%          4


Dungeon Overview and Level Annotations

Branches:
Dungeon (1/1)

Altars:


Innate Abilities, Weirdness & Mutations

You cannot wear most types of armour.
You are amphibious.
You can wear up to eight rings at the same time.
Your skin changes colour to match your surroundings (Stealth+).
Your rubbery body absorbs attacks. (AC +1, EV +1)
((You are camouflaged when in or above water. (Stealth+)))
You have tentacles for arms and can constrict up to eight enemies at once.
You possess an exceptional clarity of mind.


Message History

The neqoxec is heavily wounded.
You constrict the neqoxec. The neqoxec misses you.
You tentacle-slap the neqoxec.
The neqoxec is heavily wounded.
You constrict the neqoxec, but do no damage.
The neqoxec hits you.
You tentacle-slap the neqoxec. Your squeeze misses the neqoxec.
The neqoxec is heavily wounded.
You constrict the neqoxec. You tentacle-slap the neqoxec.
The neqoxec is severely wounded.
You constrict the neqoxec. The neqoxec misses you.
You bludgeon the neqoxec!
The neqoxec is almost dead.
You constrict the neqoxec.
You kill the neqoxec!
Your Dodging skill increases to level 4!
Your Stealth skill increases to level 5!
Your Unarmed Combat skill gained 2 levels and is now at level 2!
Your Spellcasting skill increases to level 6!
Your Conjurations skill gained 2 levels and is now at level 5!
Your Fire Magic skill gained 2 levels and is now at level 8!
You have reached level 6!
You bludgeon the neqoxec! Your grab misses the neqoxec.
Your squeeze misses the neqoxec.
The neqoxec is moderately wounded.
You bludgeon the neqoxec! Your grab misses the neqoxec.
The neqoxec is heavily wounded.
The neqoxec misses you.
You barely miss the neqoxec. Your grab misses the neqoxec.
The neqoxec is heavily wounded.
You are no longer berserk.
You are exhausted.
You feel yourself slow down. The neqoxec hits you.
* * * LOW HITPOINT WARNING * * *
You tentacle-slap the neqoxec but do no damage.
Your grab misses the neqoxec.
The neqoxec is heavily wounded.
The neqoxec hits you!
You die...

#+#
##.###
+.<@3#
##.##.#
#+# .#
#


You could see a neqoxec.

Vanquished Creatures
  2 neqoxecs (D)
2 creatures vanquished.

Notes
Turn   | Place    | Note
-------+----------+-------------------------------------------
     0 | D        | Conn the Octopode Fire Elementalist began the quest for the
                  | Orb.
     0 | D        | Reached XP level 1. HP: 11/11 MP: 3/3
     1 | D        | Noticed a neqoxec
     1 | D        | Noticed a neqoxec
     6 | D        | Noticed a neqoxec
     7 | D        | Killed a neqoxec
     8 | D        | Reached skill level 5 in Spellcasting
     8 | D        | Reached skill level 6 in Fire Magic
     8 | D        | Reached XP level 2. HP: 17/17 MP: 4/8
     8 | D        | Reached XP level 3. HP: 21/21 MP: 4/9
     8 | D        | Reached XP level 4. HP: 27/27 MP: 4/11
     8 | D        | Reached XP level 5. HP: 31/31 MP: 4/12
     9 | D        | Gained mutation: You possess an exceptional clarity of
                  | mind. [a neqoxec]
    16 | D        | Killed a neqoxec
    17 | D        | Reached skill level 5 in Stealth
    17 | D        | Reached skill level 5 in Conjurations
    17 | D        | Reached skill level 8 in Fire Magic
    17 | D        | Reached XP level 6. HP: 19/36 MP: 4/15
    20 | D        | Slain by a neqoxec

Illustrated notes

Levels and vault maps discovered:
D:        the_violet_keep_of_menkaure [sprint2_stairs_cluster_1,
          sprint2_shoproom, sprint2_temple, sprint2_basic_supplies,
          sprint2_obstacle_4, sprint2_obstacle_6, sprint2_obstacle_2,
          sprint2_obstacle_3, sprint2_obstacle_5, sprint2_timed_cluster_1,
          sprint2_smallroom_cluster_1, sprint2_smallroom_final_cluster_1,
          sprint2_transparent_cluster_1, sprint2_second_timed_cluster_1,
          sprint2_sniper_area_1, sprint2_heavy_combat_area_1,
          sprint2_mutation_trap_area_1, sprint2_forest_area_1,
          sprint2_light_combat_area_1, sprint2_behind_water_1,
          sprint2_near_end_vault_1]

Skill      XL: |  1  2  3  4  5 |
---------------+----------------+-----
Dodging        | 3 4 |  4.1
Stealth        | 4 5 |  5.3
Spellcasting   | 5 6 |  6.2
Conjurations   | 3 5 |  5.0
Fire Magic     | 6 8 |  8.2
Unarmed Combat | 2 |  2.0

Action                   |  1- 3 |  4- 6 || total
-------------------------+-------+-------++-------
Melee: Unarmed           |     4 |    13 ||    17
       Tentacles         |     2 |     1 ||     3
       Constrict         |     1 |     1 ||     2
  Use: Potion            |     2 |       ||     2
Dodge: Dodged            |       |     3 ||     3

Table legend: (Time is in decaauts)
 A = Elapsed time spent in this place.
 B = Non-inter-level travel time spent in this place.
 C = Inter-level travel time spent in this place.
 D = Time resting spent in this place.
 E = Time spent auto-exploring this place.
 F = Levels seen in this place.
 G = Mean time per level.
                   A        B        C        D        E       F      G
               +--------+--------+--------+--------+--------+-----+--------+
         Total |     14 |     14 |      0 |      0 |      0 |   1 |   14.0 |
       Dungeon |     14 |     14 |      0 |      0 |      0 |   1 |   14.0 |
               +--------+--------+--------+--------+--------+-----+--------+

Top non-repeatable levels by time:
       D: 14 daAuts
